 Dungeon Crawl Stone Soup version 0.24.1-8-ga250c9d538 (webtiles) character file.

Game seed: 13695197088115870857, levelgen mode: deterministic

1192 Hugehornet the Insei (level 8, -4/52 HPs)
             Began as an Octopode Transmuter on May 5, 2020.
             Slain by a wyvern zombie (14 damage)
             ... on level 6 of the Dungeon.
             The game lasted 00:18:45 (5657 turns).

Hugehornet the Insei (Octopode Transmuter)          Turns: 5657, Time: 00:18:46

Health: -4/52      AC:  5    Str:  9    XL:     8   Next: 43%
Magic:  22/22      EV: 13    Int: 18    God:
Gold:   110        SH:  0    Dex: 14    Spells: 3/13 levels left

rFire    . . .     SeeInvis .     - Unarmed
rCold    . . .     Gourm    .   (no shield)
rNeg     + . .     Faith    +   n - +2 hat
rPois    .         Spirit   .   i - amulet of faith
rElec    .         Reflect  .   f - +5 ring of slaying
rCorr    .         Harm     .   d - ring of positive energy
MR       .....                  h - +2 ring of dexterity
Stlth    ++++......             q - ring of magical power
HPRegen  0.17/turn              (no ring)
MPRegen  0.18/turn              (no ring)
                                (no ring)
                                (no ring)

@: appendage
A: almost no armour, stealthy swim, amphibious, 8 rings, constrict 8, antennae
1, tentacle spike 3, iridescent scales 1, camouflage 1, robust 1, gelatinous
body 1
a: End Transformation


You were on level 6 of the Dungeon.
You were not hungry.
One of your tentacles had a temporary spike.
You visited 2 branches of the dungeon, and saw 7 of its levels.
You also visited: Sewer.

You collected 220 gold pieces.
You spent 110 gold pieces at shops.

Inventory:

Missiles
 a - 95 arrows
Armour
 n - a +2 hat (worn)
Jewellery
 d - a ring of positive energy (right tentacle)
 f - a +5 ring of slaying (left tentacle)
 h - a +2 ring of dexterity (on tentacle)
 i - an amulet of faith (around mantle)
 q - a ring of magical power (on tentacle)
Scrolls
 e - a scroll of immolation
 g - 2 scrolls of teleportation
 j - 4 scrolls of identify
 l - 4 scrolls of remove curse
 m - a scroll of amnesia
 r - a scroll of magic mapping
Potions
 b - a potion of might
 k - 3 potions of flight
 s - 2 potions of heal wounds
 t - a potion of curing
Comestibles
 c - 12 rations
 o - 4 chunks of flesh


   Skills:
 - Level 1.0 Fighting
 - Level 2.0 Dodging
 * Level 6.3 Stealth
 + Level 6.3 Unarmed Combat
 + Level 3.4 Spellcasting
 - Level 5.0 Transmutations
 * Level 2.9 Ice Magic
 - Level 1.0 Poison Magic


You had 3 spell levels left.
You knew the following spells:

 Your Spells              Type           Power        Failure   Level  Hunger
a - Beastly Appendage     Tmut           ###...       1%          1    None
b - Sticks to Snakes      Tmut           ###.....     3%          2    ##.....
c - Spider Form           Tmut/Pois      ##........   14%         3    ###....
d - Ice Form              Ice/Tmut       ###.....     30%         4    ####...

Your spell library contained the following spells:

 Spells                   Type           Power        Failure   Level  Hunger
 Blade Hands              Tmut           ###.......   50%         5    ######.


Dungeon Overview and Level Annotations

Branches:
Dungeon (6/15)             Temple (1/1) D:5           Sewer (visited)

Altars:
Ashenzari
Dithmenos
Elyvilon
Fedhas
Gozag
Hepliaklqana
Kikubaaqudgha
Okawaru
Qazlal
Sif Muna
Trog
Uskayaw
Vehumet
Wu Jian
Xom
Yredelemnul
Zin
The Shining One

Shops:
D:5 *

Annotations:
D:6 Dowan, Duvessa


Innate Abilities, Weirdness & Mutations

You cannot wear most types of armour.
You are very stealthy in the water. (Stealth+)
You are amphibious.
You can wear up to eight rings at the same time.
You can use your tentacles to constrict eight enemies at once.
Your skin changes colour to match your surroundings (Stealth+).
Your rubbery body absorbs attacks. (AC +1, EV +1)
You have a pair of small antennae on your head.
One of your tentacles bears a large vicious spike.
You are partially covered in iridescent scales. (AC +2)
You are robust. (+10% HP)


Message History

You tentacle-slap the wyvern zombie.
The wyvern zombie is heavily damaged.
The wyvern zombie bites you but does no damage.
You barely miss the wyvern zombie.
You pierce the wyvern zombie.
Your squeeze misses the wyvern zombie.
The wyvern zombie is severely damaged.
The wyvern zombie misses you.
You tentacle-slap the wyvern zombie.
You pierce the wyvern zombie.
The wyvern zombie is almost destroyed.
The wyvern zombie closely misses you.
You tentacle-slap the wyvern zombie but do no damage.
Your squeeze misses the wyvern zombie.
The wyvern zombie is almost destroyed.
The wyvern zombie bites you! x2
* * * LOW HITPOINT WARNING * * *
You tentacle-slap the wyvern zombie but do no damage.
You pierce the wyvern zombie.
The wyvern zombie is almost destroyed.
The wyvern zombie bites you!
You die...

..
#........##.#.#..####...#
......#.....##......#
#....#
...##.##...###.#..###
##..## .. ..
.....#..#..## #### .
>.......##..## #...##...#
# #...#...#..##
..###..........#
.......@......##
.....##Z.......# ##..
#......### #. .......#
........# .....:....#
#####...### ....


You could see a wyvern zombie.

Vanquished Creatures
  Sigmund (D:2)
  Eustachio (D:5)
  An ice beast (D:5)
  An ogre (D:4)
  A big kobold (Sewer)
  A bullfrog (D:6)
  2 bullfrog skeletons (D:5)
  A hound (D:5)
  An orc priest (D:5)
  Jessica (D:2)
  A centaur skeleton (D:2)
  3 orc wizards
  3 worker ants
  A hound skeleton (D:4)
  A worker ant zombie (D:5)
  7 adders
  5 river rats
  2 oozes (D:1)
  An adder skeleton (D:4)
  8 worms
  2 dart slugs
  5 leopard geckos
  5 orcs
  9 bats
  4 giant cockroaches
  12 goblins
  4 hobgoblins (D:1)
  4 jackals
  3 quokkas
  3 ball pythons
  3 frilled lizards
  11 kobolds
  A leopard gecko skeleton (D:5)
  13 rats
122 creatures vanquished.

Notes
Turn   | Place    | Note
-------+----------+-------------------------------------------
     0 | D:1      | Hugehornet the Octopode Transmuter began the quest for the
                  | Orb.
     0 | D:1      | Reached XP level 1. HP: 13/13 MP: 3/3
   190 | D:1      | Reached XP level 2. HP: 13/18 MP: 3/5
   273 | D:1      | Learned a level 2 spell: Sticks to Snakes
   534 | D:1      | Reached XP level 3. HP: 20/23 MP: 6/6
   751 | D:1      | Learned a level 3 spell: Spider Form
  1561 | D:2      | Reached XP level 4. HP: 28/28 MP: 7/7
  1574 | D:2      | Reached skill level 1 in Poison Magic
  1630 | D:2      | Found a faded altar of an unknown god.
  1875 | D:2      | Noticed Sigmund
  1888 | D:2      | Killed Sigmund
  1888 | D:2      | Reached XP level 5. HP: 9/33 MP: 5/8
  1888 | D:2      | Reached XP level 6. HP: 11/38 MP: 5/9
  2143 | D:2      | Noticed Jessica
  2161 | D:2      | Killed Jessica
  2161 | D:2      | Reached skill level 5 in Transmutations
  2194 | D:2      | Found a white marble altar of Elyvilon.
  2469 | D:3      | Reached skill level 5 in Unarmed Combat
  2511 | D:3      | Found a glowing drain.
  2578 | Sewer    | Entered a sewer
  2731 | Sewer    | Reached XP level 7. HP: 43/43 MP: 7/10
  2774 | Sewer    | Found a white marble altar of Elyvilon.
  3885 | D:4      | Found a glowing golden altar of the Shining One.
  4197 | D:5      | Entered Level 5 of the Dungeon
  4226 | D:5      | Learned a level 4 spell: Ice Form
  4296 | D:5      | Noticed Eustachio
  4311 | D:5      | Killed Eustachio
  4311 | D:5      | Reached skill level 5 in Stealth
  4311 | D:5      | Reached skill level 1 in Ice Magic
  4379 | D:5      | Reached XP level 8. HP: 32/48 MP: 10/12
  4546 | D:5      | Found Norontur's General Store.
  4554 | D:5      | Bought a potion of curing for 33 gold pieces
  4554 | D:5      | Bought a scroll of teleportation for 33 gold pieces
  4560 | D:5      | Bought a scroll of identify for 22 gold pieces
  4560 | D:5      | Bought a scroll of identify for 22 gold pieces
  4564 | D:5      | Gained mutation: You are partially covered in iridescent
                  | scales. (AC +2) [potion of mutation]
  4564 | D:5      | Gained mutation: You have a pair of small antennae on your
                  | head. [potion of mutation]
  4564 | D:5      | Gained mutation: You are robust. (+10% HP) [potion of
                  | mutation]
  5101 | D:5      | Found a blossoming altar of Fedhas.
  5243 | D:5      | Found a staircase to the Ecumenical Temple.
  5249 | Temple   | Entered the Ecumenical Temple
  5569 | D:6      | Noticed Duvessa
  5574 | D:6      | Noticed Dowan
  5657 | D:6      | Slain by a wyvern zombie

Levels and vault maps discovered:
D:1:      dpeg_arrival_pond, layout_basic
D:2:      layout_rooms, lemuel_coloured_pillars_altar, first_ration,
          chequers_ecumenical_altar_simple, uniq_jessica, uniq_sigmund
D:3:      layout_rooms, lightli_sewer_entry_pipes
D:4:      layout_loops_ring, nicolae_overflow_hidden_temple
D:5:      layout_cave_pods, minmay_temple_entry_hall, serial_shops, shop,
          fedhas_altar_1, uniq_eustachio
D:6:      layout_cave_pools, serial_shops, shop, basic_altar,
          minmay_hollow_rounded_squares, uniq_edmund, uniq_blork_the_orc,
          uniq_duvessa
Temple:   compressed_dpeg_circular_temple

Skill      XL: |  1  2  3  4  5  6  7  8 |
---------------+-------------------------+-----
Transmutations | 3 4 5 |  5.0
Poison Magic   | 1 |  1.0
Unarmed Combat | 4 5 6 |  6.3
Stealth        | 2 5 6 |  6.3
Spellcasting   | 3 |  3.4
Ice Magic      | 1 2 |  2.9
Fighting       | |  1.0
Dodging        | |  2.0

Action                   |  1- 3 |  4- 6 |  7- 9 || total
-------------------------+-------+-------+-------++-------
Melee: Unarmed           |    81 |    86 |   115 ||   282
       Constrict         |    23 |    17 |    20 ||    60
       Kick              |    22 |    11 |    25 ||    58
       Tentacles         |    11 |     5 |    11 ||    27
       Punch             |     3 |     3 |     1 ||     7
 Cast: Beastly Appendage |    18 |    14 |    27 ||    59
       Spider Form       |       |     3 |     6 ||     9
  Use: Scroll            |     1 |     3 |     6 ||    10
       Potion            |       |       |     3 ||     3
 Stab: Sleeping          |     1 |     6 |     5 ||    12
  Eat: Chunk             |     2 |     4 |     5 ||    11
       Ration            |       |       |     2 ||     2
Armor: Skin              |    11 |     3 |    20 ||    34
Dodge: Dodged            |    57 |    39 |    76 ||   172
